 Dungeon Crawl Stone Soup version 0.28.0-53-g5a82cb258f (webtiles) character file.

Game seed: 2198908871469411115

371040 protoss039 the Warrior (level 21, 0/177 (181) HPs)
             Began as a Demonspawn Earth Elementalist on June 1, 2022.
             Was the Champion of Vehumet.
             Slain by a doom hound (11 damage)
             ... on level 1 of the Crypt on June 2, 2022.
             The game lasted 03:12:41 (71440 turns).

protoss039 the Warrior (DsEE)                      Turns: 71440, Time: 03:12:41

HP:   0/177 (181)   AC: 16    Str: 10    XL:     21   Next: 69%
MP:   19/41         EV: 12    Int: 39    God:    Vehumet [******]
Gold: 1924          SH: 23    Dex: 17    Spells: 0/52 levels left

rFire   + + .      SeeInvis +   a - +7 hand axe of Loytt {venom, rN++ rCorr Int+4 Stlth+}
rCold   + . .      Faith    .   p - +9 kite shield of Obihoqir {Int+4}
rNeg    + + .      Spirit   .   j - +2 robe {Will+}
rPois   +          Reflect  .   m - +2 hat {Will+}
rElec   +          Harm     .   W - +2 cloak {Will+}
rCorr   +          Rampage  .   Z - +1 pair of gloves of Amylenum {Contam rF++ Dex+3}
Will    ++++.                   Q - +2 pair of boots of Ciypoggo {Fly rElec Int-5 Slay-6}
Stlth   +++.......              n - amulet of the acrobat
HPRegen 0.39/turn               d - ring "Hefiah" {Int+6 SInv}
MPRegen 0.27/turn               K - ring "Jioj" {rPois rC+}

@: about to teleport, doom-hounded, flying, very slightly contaminated, studying
Polearms, lightly drained
A: foul stench 3, powered by death 2, big brain 2, corrupting presence 1,
demonic touch 2
}: 2/15 runes: decaying, gossamer
a: Renounce Religion


You were on level 1 of the Crypt.
You worshipped Vehumet.
Vehumet was exalted by your worship.
You visited 9 branches of the dungeon, and saw 40 of its levels.
You visited 1 bazaar.
You also visited: Ossuary, Gauntlet and Wizlab.

You collected 6637 gold pieces.
You spent 4713 gold pieces at shops.

Inventory:

Hand Weapons
 a - the +7 hand axe of Loytt (weapon) {venom, rN++ rCorr Int+4 Stlth+}
   (You bought it in a shop on level 3 of the Elven Halls)

   It poisons the flesh of those it strikes.
   Int:       It affects your intelligence (+4).
   rN:        It greatly protects you from negative energy.
   rCorr:     It protects you from acid and corrosion.
   Stlth:     It makes you more stealthy.
 q - the +6 hand axe "Ymaunal" {freeze, rN+ Will+}
   (You bought it in a shop on level 1 of the Elven Halls)

   It freezes those it strikes, dealing additional cold damage.
   It can also slow down cold-blooded creatures.
   rN:        It protects you from negative energy.
   Will:      It increases your willpower.
Missiles
 y - 5 throwing nets
Armour
 j - a +2 robe of willpower (worn)
 m - a +2 hat of willpower (worn)
 p - the +9 kite shield of Obihoqir (worn) {Int+4}
   (You acquired it on level 6 of the Lair of Beasts)

   Int:       It affects your intelligence (+4).
 B - the +1 steam dragon scales of Paalliof {Rampage Will- Int+10 SInv}
   (You took it off a deep elf death mage on level 3 of the Elven Halls)

   Int:       It affects your intelligence (+10).
   SInv:      It lets you see invisible.
   Rampage:   It bestows one free step when moving towards enemies.
   Will:      It decreases your willpower.
 Q - the +2 pair of boots of Ciypoggo (worn) {Fly rElec Int-5 Slay-6}
   (You found it on level 2 of the Spider Nest)

   Int:       It affects your intelligence (-5).
   Slay:      It affects your accuracy & damage with ranged weapons and melee
   (-6).
   rElec:     It insulates you from electricity.
   Fly:       It grants you flight.
 W - a +2 cloak of willpower (worn)
 X - a scarf of resistance
 Z - the +1 pair of gloves of Amylenum (worn) {Contam rF++ Dex+3}
   (You found it in a Gauntlet)

   Dex:       It affects your dexterity (+3).
   rF:        It greatly protects you from fire.
   Contam:    It causes magical contamination when unequipped.
Magical Staves
 w - a staff of earth
Jewellery
 d - the ring "Hefiah" (left hand) {Int+6 SInv}
   (You bought it in a shop on level 2 of the Orcish Mines)

   [ring of see invisible]

   Int:       It affects your intelligence (+6).
   SInv:      It lets you see invisible.
 n - an amulet of the acrobat (around neck)
 K - the ring "Jioj" (right hand) {rPois rC+}
   (You found it in a Gauntlet)

   [ring of poison resistance]

   rC:        It protects you from cold.
   rPois:     It protects you from poison.
 P - a ring of magical power
 S - the ring "Luhoxt" {rC+ SInv}
   (You found it on level 3 of the Elven Halls)

   [ring of see invisible]

   rC:        It protects you from cold.
   SInv:      It lets you see invisible.
 T - the ring of Evuastro {Fire rElec Will+ SInv}
   (You took it off a salamander in a wizard's laboratory)

   [ring of fire]

   It enhances your fire magic.
   rF:        It protects you from fire.
   rC:        It makes you vulnerable to cold.
   rElec:     It insulates you from electricity.
   SInv:      It lets you see invisible.
   Will:      It increases your willpower.
Wands
 b - a wand of iceblast (38)
 i - a wand of acid (27)
 G - a wand of digging (27)
Scrolls
 e - 5 scrolls of enchant armour
 r - 12 scrolls of immolation
 s - 2 scrolls of silence
 t - 10 scrolls of fog
 u - 5 scrolls of blinking
 v - 15 scrolls of identify
 x - 7 scrolls of fear
 C - 14 scrolls of teleportation
 F - 4 scrolls of summoning
 L - 3 scrolls of amnesia
 M - 8 scrolls of magic mapping
 O - 4 scrolls of torment
Potions
 f - 6 potions of invisibility
 g - 3 potions of resistance
 k - 4 potions of haste
 l - 4 potions of lignification
 o - 18 potions of curing
 z - 6 potions of heal wounds
 A - 3 potions of might
 D - 5 potions of mutation
 E - 7 potions of flight
 H - 6 potions of brilliance
 J - 5 potions of magic
 U - 5 potions of ambrosia
Miscellaneous
 R - a condenser vane


   Skills:
 + Level 19.5 Fighting
 + Level 11.7 Armour
 - Level 3.0 Dodging
 - Level 3.2 Stealth
 - Level 15.0 Shields
 + Level 16.3 Spellcasting
 + Level 14.7 Conjurations
 - Level 9.0 Necromancy
 - Level 3.0 Transmutations
 * Level 15.9 Earth Magic


You couldn't memorise any spells.
You knew the following spells:

 Your Spells              Type           Power      Damage    Failure   Level
a - Iskenderun's Mystic   Conj/Tloc      73%        2d15      1%          4
b - Passwall              Tmut/Erth      67%        N/A       1%          2
c - Stone Arrow           Conj/Erth      100%       3d13      0%          3
d - Swiftness             Air            31%        N/A       5%          3
e - Irradiate             Conj/Tmut      39%        3d27      1%          5
f - Sublimation of Blood  Necr           80%        N/A       1%          2
g - Shatter               Erth           51%        3d39*     50%         9
h - Freezing Cloud        Conj/Ice/Air   31%        6-21      1%          5
i - Borgnjor's Vile Clut  Necr/Erth      46%        N/A       1%          5
j - Iron Shot             Conj/Erth      50%        9d10      1%          6
k - Lehudib's Crystal Sp  Conj/Erth      50%        10d12     5%          8

Your spell library contained the following spells:

 Spells                   Type           Power      Damage    Failure   Level
 Sandblast                Erth           100%       2d20      0%          1
 Animate Skeleton         Necr           100%       N/A       1%          1
 Apportation              Tloc           62%        N/A       1%          1
 Foxfire                  Conj/Fire      100%       2x1d9     1%          1
 Pain                     Necr           100%       1d9       1%          1
 Shock                    Conj/Air       100%       1d9       1%          1
 Slow                     Hex            100%       N/A       1%          1
 Corpse Rot               Necr/Air       100%       N/A       1%          2
 Static Discharge         Conj/Air       73%        N/A       1%          2
 Wereblood                Tmut           53%        N/A       1%          2
 Conjure Flame            Conj/Fire      73%        6-21      1%          3
 Dazzling Flash           Conj/Hex       100%       N/A       1%          3
 Frozen Ramparts          Ice            62%        1d8       1%          3
 Ignite Poison            Fire/Tmut/Pois 39%        N/A       1%          3
 Inner Flame              Hex/Fire       31%        N/A       1%          3
 Mephitic Cloud           Conj/Pois/Air  63%        N/A       1%          3
 Vampiric Draining        Necr           80%        2d11      1%          3
 Animate Dead             Necr           40%        N/A       1%          4
 Dispel Undead            Necr           80%        3d26      1%          4
 Flame Wave               Conj/Fire      73%        2d13      1%          4
 Leda's Liquefaction      Hex/Erth       38%        N/A       1%          4
 Petrify                  Tmut/Erth      81%        N/A       1%          4
 Sticky Flame             Conj/Fire      73%        2d9       1%          4
 Fireball                 Conj/Fire      36%        3d15      1%          5
 Iskenderun's Battlesphe  Conj           98%        2d14      1%          5
 Lee's Rapid Deconstruct  Erth           51%        3d25*     1%          5
 Lightning Bolt           Conj/Air       36%        1d54      1%          5
 Orb of Destruction       Conj           49%        9d13      1%          7
 Ensorcelled Hibernation  Hex/Ice        62%        N/A       2%          2
 Spider Form              Tmut/Pois      43%        N/A       2%          3
 Anguish                  Hex/Necr       30%        N/A       2%          4
 Starburst                Conj/Fire      36%        6d11      3%          6
 Airstrike                Air            15%        N/A       4%          4
 Olgreb's Toxic Radiance  Pois           31%        N/A       4%          4
 Confusing Touch          Hex            31%        N/A       5%          3
 Gell's Gravitas          Tloc           31%        N/A       5%          3
 Lesser Beckoning         Tloc           31%        N/A       5%          3
 Ozocubu's Armour         Ice            31%        N/A       5%          3
 Summon Guardian Golem    Hex/Summ       31%        N/A       5%          3
 Teleport Other           Tloc           31%        N/A       5%          3
 Tukima's Dance           Hex            31%        N/A       5%          3
 Statue Form              Tmut/Erth      54%        N/A       5%          6
 Death Channel            Necr           40%        N/A       7%          6
 Ice Form                 Ice/Tmut       43%        N/A       10%         4
 Blade Hands              Tmut           26%        N/A       14%         5
 Summon Ice Beast         Ice/Summ       31%        N/A       17%         4
 Spellforged Servitor     Conj/Summ      36%        N/A       17%         7
 Alistair's Intoxication  Tmut/Pois      28%        N/A       26%         5
 Simulacrum               Ice/Necr       30%        N/A       38%         6
 Metabolic Englaciation   Hex/Ice        15%        N/A       43%         5
 Summon Forest            Summ/Tloc      15%        N/A       43%         5
 Summon Mana Viper        Hex/Summ       31%        N/A       43%         5
 Haunt                    Necr/Summ      30%        N/A       93%         7
 Summon Cactus Giant      Summ           15%        N/A       95%         6
 Ozocubu's Refrigeration  Ice            15%        4d8       96%         7
 Infestation              Necr           40%        N/A       96%         8
 Dragon Form              Tmut           26%        N/A       99%         7
 Enfeeble                 Hex            15%        N/A       100%        7
 Summon Hydra             Summ           15%        N/A       100%        7
 Ignition                 Fire           15%        3d6       100%        8
 Maxwell's Capacitive Co  Air            15%        ∞         100%        8
 Chain Lightning          Conj/Air       36%        3d48      100%        9
 Fire Storm               Conj/Fire      36%        8d9       100%        9
 Polar Vortex             Ice            15%        N/A       100%        9


Dungeon Overview and Level Annotations

Branches:
Dungeon (15/15)            Temple (1/1) D:5            Lair (6/6) D:8
  Swamp (4/4) Lair:2       Spider (4/4) Lair:4        Slime (0/5) Lair:5
    Orc (2/2) D:9             Elf (3/3) Orc:2        Vaults (4/5) D:14
  Crypt (1/3) Vaults:3     Depths (0/4) D:15        Ossuary (visited)
 WizLab (visited)         Gauntlet (visited)

Altars:
Ashenzari
Cheibriados
Dithmenos
Elyvilon
Fedhas
Gozag
Hepliaklqana
Kikubaaqudgha
Makhleb
Nemelex Xobeh
Okawaru
Qazlal
Ru
Sif Muna
Trog
Uskayaw
Vehumet
Wu Jian
Xom
Yredelemnul
Zin
The Shining One

Shops:
D:4 [   D:9 :   D:11 [   Orc:2 :!=?   Elf:1 =??(   Elf:3 (((


Innate Abilities, Weirdness & Mutations

You frequently emit foul miasma when damaged in melee.
You regenerate health from kills.
You have an extremely huge brain. (Int +4)
Your presence sometimes corrodes those you injure.
Your touch may inflict irresistible damage on your foes.


Message History

The fenstrider witch skeleton kicks you but does no damage.
The tormentor calls on the powers of darkness!
Your body is wracked with pain!
* * * LOW HITPOINT WARNING * * *
You block the spectral quicksilver dragon's attack.
The spectral quicksilver dragon claws you but does no damage.
Unknown command.
Unknown command.
Casting: Lehudib's Crystal Spear (dangerous; 5% risk of failure)
Confirm with . or Enter, or press ? or * to list all spells.
Aiming: Lehudib's Crystal Spear (dangerous; 5% risk of failure)
Press: ? - help, Shift-Dir - straight line, f/p - doom hound
Aim: a doom hound (severely wounded, 75% to hit)
You miscast Lehudib's Crystal Spear.
You are very lightly contaminated with residual magic.
You are caught in an explosion of flying shrapnel.
The doom hound bites you but does no damage.
You block the doom hound's attack.
The fenstrider witch skeleton hits you but does no damage.
The fenstrider witch skeleton kicks you but does no damage.
The spectral quicksilver dragon bites you!
* * * LOW HITPOINT WARNING * * *
You partially resist.
You feel drained.
The spectral quicksilver dragon closely misses you.
You block the doom hound's attack.
The doom hound claws you but does no damage.
Unknown command.
Unknown command.
Okay, then.
You feel much better.
The spectral quicksilver dragon barely misses you.
You block the spectral quicksilver dragon's attack.
The tormentor calls on the powers of darkness!
Your body is wracked with pain!
* * * LOW HITPOINT WARNING * * *
The fenstrider witch skeleton hits you!
* * * LOW HITPOINT WARNING * * *
The fenstrider witch skeleton barely misses you.
You block the doom hound's attack. The doom hound claws you!
You die...

..# #..≈≈#. ##.# ≈.. ..#
..≈≈#. #.....#$ #.#
..####..≈≈#. #.....' #[#
........≈≈#.## #..⌠..#
##.# ##......≈≈#..##
#.....# ##..#
#......≈≈##..## .....
##..## #......≈≈.##.2##
... ##).##
#V.....≈≈..'#.Z###.###.)##
#Z.....≈≈...##h@##'##..##
##......≈≈≈...##.ZZ..[.##
..W......≈≈≈...#########
#.........≈≈≈≈≈
#.####.(8..≈≈≈≈ #W#
#..[...... #.# #......#
#.# #......# #Z####.W....#


You could see a doom hound, a spectral quicksilver dragon, a spectral ettin, a
tormentor and a fenstrider witch skeleton.

Vanquished Creatures
  Boris (Crypt:1)
  Margery (Vaults:3)
  Nikola (Elf:1)
  An electric golem (WizLab)
  2 liches
  A shard shrike skeleton (Crypt:1)
  A deep elf blademaster (Elf:2)
  An ancient champion (Crypt:1)
  A deep elf master archer (Elf:3)
  2 tengu reavers
  3 sphinxes
  Kirke (Spider:4)
  A thorn hunter (Swamp:4)
  2 storm dragons
  A shadow dragon (Elf:1)
  3 fire giants (WizLab)
  Roxanne (Spider:2)
  11 vault wardens
  A frost giant (Vaults:3)
  3 emperor scorpions (Spider:3)
  An orc warlord (Vaults:4)
  A curse skull (Crypt:1)
  3 ghost moths (Spider:4)
  11 deep elf sorcerers
  13 ironbound preservers
  2 spectral caustic shrikes (Crypt:1)
  3 deep elf elementalists (Elf:3)
  A quicksilver ooze (Gauntlet)
  9 war gargoyles
  4 deep elf demonologists
  A broodmother (Spider:2)
  13 ironbound thunderhulks
  A vampire knight (Crypt:1)
  4 eleionomae
  3 entropy weavers
  4 deep elf annihilators (Elf:3)
  A minotaur (Gauntlet)
  5 dire elephants
  3 bunyips
  3 spark wasps (Spider:4)
  An ettin (D:15)
  Josephine (Swamp:1)
  An eidolon (Crypt:1)
  2 crystal guardians
  2 spectral spriggans (Crypt:1)
  2 fire dragons
  2 jiangshi (Crypt:1)
  2 great orbs of eyes
  A shambling mangrove (Swamp:1)
  7 deep elf death magi
  10 yaktaur captains
  8 deep elf high priests
  Harold (Orc:1)
  7 vault guards
  The ghost of protoss039 the Fighter, a journeyman DsEE of Vehumet (D:11)
  A spriggan zombie (Crypt:1)
  12 peacekeepers
  30 hydras
  3 hell beasts (Crypt:1)
  An ice dragon (Elf:1)
  A salamander tyrant (WizLab)
  An ogre mage (D:15)
  8 boulder beetles
  21 centaur warriors
  6 ironbound frosthearts
  2 ghost crabs
  A spriggan air mage (Swamp:3)
  3 catoblepae
  2 jorogumos (Spider:4)
  16 death yaks
  7 two-headed ogres
  A spectral stone giant (Crypt:1)
  7 alligators
  32 dancing weapons
  2 death knights (Vaults:3)
  7 tengu warriors
  A spriggan berserker (Swamp:4)
  4 vampire magi (Crypt:1)
  An orc high priest (Elf:1)
  Urug (D:13)
  5 hell knights
  17 deep elf knights
  2 sun moths
  Sonja (Orc:2)
  4 goliath frogs
  2 shadow wraiths (Crypt:1)
  2 pharaoh ants (Spider:2)
  6 skeletal warriors (Crypt:1)
  2 glowing orange brains (Vaults:4)
  5 steelbarb worms
  8 orb spiders
  An orb spider (shapeshifter) (Vaults:2)
  5 phantasmal warriors
  29 deep trolls
  9 wizards
  The ghost of OrcWarrior the Cleaver, a novice HOFi (D:6)
  3 flayed ghosts (Crypt:1)
  2 bunyip skeletons (Crypt:1)
  27 deep elf zephyrmancers
  7 swamp dragons
  A spriggan simulacrum (Crypt:1)
  4 bog bodies
  10 deep elf archers
  14 ironbound convokers
  2 spriggan druids (Swamp:4)
  9 wolf spiders
  5 orc knights
  A wolf spider (shapeshifter) (D:13)
  10 lindwurms
  8 necromancers
  4 manticores
  Pikel (D:7)
  14 deep elf pyromancers
  14 ugly things
  An orc sorcerer (D:15)
  5 moths of wrath
  An oklob plant (Lair:4)
  9 will-o-the-wisps
  A worldbinder (Gauntlet)
  4 cyclopes
  4 salamanders (WizLab)
  A spectral ettin (Crypt:1)
  2 human zombies
  A spectral centaur (Crypt:1)
  A guardian serpent (shapeshifter) (D:14)
  Maurice (D:13)
  7 black mambas
  5 molten gargoyles
  Joseph (D:9)
  15 elephants
  10 vault sentinels
  6 gargoyles
  2 naga magi (Vaults:2)
  An unseen horror (D:12)
  An eye of devastation (shapeshifter) (Vaults:3)
  12 cane toads
  7 torpor snails
  A rime drake (Lair:6)
  12 komodo dragons
  8 demonic crawlers
  An elf zombie (Vaults:1)
  39 yaktaurs
  4 freezing wraiths (Crypt:1)
  A yaktaur skeleton (Vaults:1)
  2 tengu conjurers
  The ghost of PanSaczeczos the Skirmisher, an amateur DrDe (D:5)
  A harpy zombie (Crypt:1)
  A death drake zombie (Crypt:1)
  22 meliai
  A sphinx simulacrum (Vaults:4)
  A bloated husk (Swamp:1)
  8 polar bears
  A catoblepas skeleton (Crypt:1)
  8 trolls
  7 tyrant leeches
  A hydra skeleton (Crypt:1)
  16 tarantellas
  15 hornets
  15 slime creatures
  A dream sheep (shapeshifter) (D:10)
  25 blink frogs
  A harpy skeleton (Crypt:1)
  3 flying skulls (Crypt:1)
  4 air elementals
  11 spriggans
  An ettin zombie (Vaults:4)
  2 centaur simulacra (Crypt:1)
  17 culicivoras
  15 jumping spiders
  A vampire (D:9)
  A naga simulacrum (Crypt:1)
  A black mamba zombie (Crypt:1)
  8 wraiths
  9 wyverns
  A dire elephant simulacrum (Crypt:1)
  Eustachio (D:6)
  7 steam dragons
  7 fire elementals
  5 water elementals
  57 yaks
  8 basilisks
  A merfolk skeleton (Crypt:1)
  3 hogs (Spider:4)
  A human (Spider:4)
  31 redbacks
  14 vampire mosquitoes
  Edmund (D:6)
  20 swamp worms
  2 wargs
  An acid dragon (D:12)
  3 hell hounds (Lair:6)
  6 water moccasins
  9 swamp drakes
  A naga skeleton (Crypt:1)
  36 orc warriors
  3 black bears
  An ice beast (D:8)
  3 boggarts (Gauntlet)
  6 sky beasts
  3 ogres
  A fire dragon simulacrum (Crypt:1)
  11 wolves
  A black mamba simulacrum (Crypt:1)
  20 centaurs
  3 lemures (D:7)
  A phantom (D:5)
  17 bullfrogs
  A gnoll sergeant (D:9)
  2 scorpions
  4 earth elementals
  A wyvern skeleton (D:5)
  A water moccasin skeleton (D:5)
  A raiju zombie (Crypt:1)
  6 killer bees (D:12)
  15 wights
  5 electric eels
  11 howler monkeys
  5 lava snakes (Lair:6)
  3 centaur zombies
  A crimson imp (D:3)
  A bullfrog skeleton (D:4)
  A hound (D:4)
  3 centaur skeletons
  12 orc priests
  6 jellies
  3 iguanas
  23 orc wizards
  Ijyb (D:5)
  4 lightning spires
  Terence (D:3)
  3 mummies (Ossuary)
  A hound zombie (D:5)
  2 hound skeletons
  A howler monkey zombie (D:9)
  A howler monkey skeleton (D:5)
  3 gnolls
  4 adders
  4 white imps
  3 worms
  3 dart slugs
  68 orcs
  9 ball pythons
  7 endoplasms
  5 giant cockroaches
  15 hobgoblins
  2 jackals (D:3)
  A quokka (D:4)
  8 bats
  3 frilled lizards (D:1)
  A gnoll zombie (Ossuary)
  8 goblins
  A goblin zombie (Ossuary)
  A hobgoblin zombie (Ossuary)
  8 kobolds
  4 kobold zombies (Ossuary)
  2 rats (D:2)
1507 creatures vanquished.

Vanquished Creatures (others)
  A boulder beetle (Spider:3)
  A deep elf knight (Elf:2)
  A deep elf pyromancer (Elf:1)
  An ugly thing (D:15)
  A cyclops (D:15)
  A yaktaur (Vaults:4)
  An ogre (D:15)
  A wight (D:9)
  An orc (D:7)
  2 ball lightnings (Swamp:1)
  15 foxfires
  26 fungi
  89 plants
  A withered plant (D:2)
142 creatures vanquished.

Grand Total: 1649 creatures vanquished

Notes
Turn   | Place    | Note
-------+----------+-------------------------------------------
     0 | D:1      | protoss039 the Demonspawn Earth Elementalist began the
                  | quest for the Orb.
     0 | D:1      | Reached XP level 1. HP: 13/13 MP: 3/3
    77 | D:1      | Reached skill level 1 in Transmutations
   459 | D:1      | Gained mutation: Your touch may inflict minor irresistible
                  | damage on your foes. [demonic ancestry]
   459 | D:1      | Reached XP level 2. HP: 9/19 MP: 1/5
  1762 | D:1      | Gained mutation: You have an unusually large brain. (Int
                  | +2) [demonic ancestry]
  1762 | D:1      | Reached XP level 3. HP: 24/24 MP: 2/6
  1934 | D:1      | Learned a level 2 spell: Passwall
  2302 | D:2      | Found a faded altar of an unknown god.
  2577 | D:2      | Gained mutation: Your touch may inflict irresistible damage
                  | on your foes. [demonic ancestry]
  2577 | D:2      | Reached XP level 4. HP: 24/30 MP: 1/7
  3488 | D:3      | Noticed Terence
  3571 | D:3      | Noticed a bullfrog
  3577 | D:3      | Killed a bullfrog
  3578 | D:3      | Reached XP level 5. HP: 35/35 MP: 4/9
  3837 | D:3      | Found a burning altar of Makhleb.
  3838 | D:3      | Found a shimmering altar of Xom.
  3922 | D:3      | Learned a level 3 spell: Stone Arrow
  3925 | D:4      | Found a broken altar of Ashenzari.
  4095 | D:4      | Found Byawk's Antique Armour Shop.
  4144 | D:4      | Reached skill level 1 in Conjurations
  4144 | D:4      | Reached XP level 6. HP: 34/41 MP: 2/10
  4951 | D:5      | Entered Level 5 of the Dungeon
  4958 | D:5      | Found a transporter.
  4958 | D:5      | Found a transporter.
  4958 | D:5      | Noticed PanSaczeczos's ghost (amateur DrDe)
  5004 | D:5      | Reached skill level 1 in Fighting
  5084 | D:5      | Found a basalt altar of Yredelemnul.
  5390 | D:5      | Reached skill level 1 in Armour
  5390 | D:5      | Gained mutation: You have an extremely huge brain. (Int +4)
                  | [demonic ancestry]
  5390 | D:5      | Reached XP level 7. HP: 49/49 MP: 8/12
  5425 | D:5      | Reached skill level 2 in Fighting
  6007 | D:5      | Noticed Ijyb
  6110 | D:5      | Killed Ijyb
  6180 | D:5      | Found a staircase to the Ecumenical Temple.
  6195 | Temple   | Entered the Ecumenical Temple
  6468 | Temple   | Became a worshipper of Vehumet
  6641 | D:5      | Reached skill level 3 in Fighting
  6705 | D:5      | Learned a level 3 spell: Swiftness
  6759 | D:6      | Found a sacrificial altar of Ru.
  6771 | D:6      | Identified the +5 ring mail of Isofafad {rElec MP-9 Str+4}
  6877 | D:6      | Reached XP level 8. HP: 43/60 MP: 1/14
  6926 | D:6      | Noticed Eustachio
  6949 | D:6      | Killed Eustachio
  6950 | D:6      | Reached skill level 4 in Fighting
  6955 | D:6      | Noticed a troll
  6977 | D:6      | Found a sand-covered staircase.
  7014 | Ossuary  | Entered an ossuary
  7751 | D:6      | Found an iron altar of Okawaru.
  7800 | D:6      | Found a runed translucent door.
  7800 | D:6      | Noticed OrcWarrior's ghost (novice HOFi)
  7800 | D:6      | Noticed Edmund
  7805 | D:6      | Killed Edmund
  7806 | D:6      | Reached skill level 5 in Fighting
  7971 | D:6      | Reached skill level 5 in Earth Magic
  8514 | D:6      | Killed a troll
  8584 | D:6      | Reached * piety under Vehumet
  8584 | D:6      | Offered knowledge of Magic Dart by Vehumet.
  8585 | D:6      | Reached skill level 6 in Fighting
  8585 | D:6      | Reached skill level 5 in Spellcasting
  8687 | D:6      | Reached XP level 9. HP: 69/69 MP: 6/16
  9126 | D:7      | Noticed Pikel
  9151 | D:7      | Killed Pikel
  9314 | D:7      | Reached skill level 7 in Fighting
  9519 | D:7      | Noticed a two-headed ogre
  9529 | D:7      | Killed a two-headed ogre
  9889 | D:7      | Reached skill level 8 in Fighting
 10317 | D:7      | Found a stormy altar of Qazlal.
 10772 | D:8      | Gained mutation: You regenerate a little health from kills.
                  | [demonic ancestry]
 10772 | D:8      | Reached XP level 10. HP: 82/82 MP: 12/19
 11134 | D:8      | Reached skill level 9 in Fighting
 11692 | D:8      | Found a sparkling altar of Nemelex Xobeh.
 11711 | D:8      | Found a staircase to the Lair.
 11712 | D:8      | Noticed a two-headed ogre
 11801 | D:8      | Killed a two-headed ogre
 11802 | D:8      | Reached skill level 10 in Fighting
 12229 | D:9      | Found Xuent's Book Shoppe.
 12406 | D:9      | Reached ** piety under Vehumet
 12413 | D:9      | Offered knowledge of Freeze by Vehumet.
 12607 | D:9      | Found a staircase to the Orcish Mines.
 12670 | D:9      | Found a bloodstained altar of Trog.
 12753 | D:9      | Noticed Joseph
 13162 | D:9      | Found an ancient bone altar of Kikubaaqudgha.
 13415 | D:9      | Killed Joseph
 13738 | D:10     | Entered Level 10 of the Dungeon
 13863 | D:10     | Reached XP level 11. HP: 92/92 MP: 14/22
 14054 | D:10     | Reached skill level 11 in Fighting
 14616 | D:10     | Found a blossoming altar of Fedhas.
 14809 | D:10     | Offered knowledge of Conjure Flame by Vehumet.
 14910 | D:10     | Learned a level 2 spell: Static Discharge
 15254 | D:11     | Found Joesucyi's Armour Boutique.
 15514 | D:11     | Reached *** piety under Vehumet
 15995 | D:11     | Found a runed translucent gate.
 15995 | D:11     | Found a runed translucent gate.
 15995 | D:11     | Found a runed translucent gate.
 15997 | D:11     | Noticed protoss039's ghost (journeyman DsEE)
 15997 | D:11     | Noticed a 12-headed hydra
 16351 | D:12     | Noticed a six-headed hydra
 16357 | D:12     | Killed a six-headed hydra
 17009 | D:12     | Reached skill level 12 in Fighting
 17048 | D:12     | Noticed a boulder beetle
 17096 | D:12     | Offered knowledge of Inner Flame by Vehumet.
 17284 | D:12     | Noticed a two-headed ogre
 17290 | D:12     | Killed a two-headed ogre
 17451 | D:12     | Killed a boulder beetle
 17742 | D:13     | Noticed Maurice
 17757 | D:13     | Killed Maurice
 17875 | D:9      | Bought a Trismegistus Codex for 420 gold pieces
 17879 | D:9      | Learned a level 3 spell: Mephitic Cloud
 18006 | D:13     | Reached XP level 12. HP: 91/103 MP: 14/24
 18127 | D:13     | Noticed a tengu warrior
 18133 | D:13     | Reached skill level 5 in Conjurations
 18140 | D:13     | Killed a tengu warrior
 18617 | D:13     | Noticed a centaur warrior
 18629 | D:13     | Noticed Urug
 18669 | D:13     | Reached skill level 13 in Fighting
 18756 | D:13     | Noticed a tengu warrior
 18759 | D:13     | Noticed a tengu warrior
 18766 | D:13     | Killed a tengu warrior
 18773 | D:13     | Killed a tengu warrior
 19066 | D:13     | Killed Urug
 19226 | D:13     | Killed a centaur warrior
 19549 | D:14     | Noticed an eight-headed hydra
 19558 | D:14     | Killed an eight-headed hydra
 19559 | D:14     | Reached skill level 1 in Shields
 19902 | D:14     | Noticed a centaur warrior
 19905 | D:14     | Killed a centaur warrior
 19958 | D:14     | Noticed a boulder beetle
 19970 | D:14     | Killed a boulder beetle
 20203 | D:14     | Found a gate to the Vaults.
 20463 | D:14     | Reached **** piety under Vehumet
 20464 | D:14     | Reached skill level 14 in Fighting
 20581 | D:15     | Entered Level 15 of the Dungeon
 20582 | D:15     | Noticed an ogre mage
 20582 | D:15     | Noticed a two-headed ogre
 20582 | D:15     | Noticed a two-headed ogre
 20582 | D:15     | Noticed a two-headed ogre
 20584 | D:15     | Noticed a two-headed ogre
 20589 | D:15     | Noticed a boulder beetle
 20593 | D:15     | Killed a two-headed ogre
 20597 | D:15     | Killed a two-headed ogre
 20603 | D:15     | Reached XP level 13. HP: 67/113 MP: 16/26
 20603 | D:15     | Offered knowledge of Olgreb's Toxic Radiance by Vehumet.
 21170 | D:15     | Reached skill level 10 in Spellcasting
 21408 | D:15     | Noticed an ettin
 21670 | D:14     | Learned a level 4 spell: Olgreb's Toxic Radiance
 21984 | D:15     | Reached skill level 5 in Shields
 22023 | D:15     | Killed an ettin
 22220 | D:15     | Found a staircase to the Depths.
 22303 | D:15     | Reached skill level 5 in Armour
 23121 | Lair:1   | Entered Level 1 of the Lair of Beasts
 23125 | Lair:1   | Reached ***** piety under Vehumet
 23978 | Lair:1   | Reached skill level 15 in Fighting
 24327 | Lair:1   | Learned a level 5 spell: Freezing Cloud
 24450 | D:9      | Bought a book of Unlife for 540 gold pieces
 24536 | Lair:1   | Learned a level 5 spell: Borgnjor's Vile Clutch
 24567 | Lair:2   | Found a staircase to the Swamp.
 24713 | Lair:2   | Reached skill level 1 in Necromancy
 24829 | Lair:2   | Gained mutation: You may rarely emit foul miasma when
                  | damaged in melee. [demonic ancestry]
 24829 | Lair:2   | Reached XP level 14. HP: 108/123 MP: 6/28
 24962 | Lair:2   | Offered knowledge of Iron Shot by Vehumet.
 25948 | Lair:2   | Learned a level 6 spell: Iron Shot
 26007 | Lair:3   | Found a bloodstained altar of Trog.
 26056 | Lair:3   | Identified the +6 scale mail "Afunga Bale" {rF+}
 26186 | Lair:3   | Found a gate leading to a gauntlet.
 26196 | Gauntlet | Entered a Gauntlet
 26196 | Gauntlet | Found a transporter.
 26196 | Gauntlet | Found a transporter.
 26534 | Gauntlet | Found a transporter.
 26535 | Gauntlet | Found a transporter.
 26538 | Gauntlet | Found a runed translucent door.
 26540 | Gauntlet | Found a runed translucent door.
 26542 | Gauntlet | Found a transporter.
 26546 | Gauntlet | Found a transporter.
 26551 | Gauntlet | Noticed a quicksilver ooze
 26554 | Gauntlet | Found a transporter.
 26571 | Gauntlet | Found a transporter.
 26573 | Gauntlet | Noticed a reaper
 26588 | Gauntlet | Found a transporter.
 26589 | Gauntlet | Found a transporter.
 26597 | Gauntlet | Found a transporter.
 26601 | Gauntlet | Found a transporter.
 26830 | Gauntlet | Identified the ring "Jioj" {rPois rC+}
 27032 | Gauntlet | Killed a quicksilver ooze
 27040 | Gauntlet | Identified the +1 pair of gloves of Amylenum {Contam rF++
                  | Dex+3}
 27141 | Gauntlet | Identified the +5 short sword "Kinew" {spect, Will+}
 29828 | Lair:4   | You fall into a shaft and drop 2 floors!
 29828 | Lair:6   | Entered Level 6 of the Lair of Beasts
 29831 | Lair:6   | Identified a scroll of acquirement
 29832 | Lair:6   | Acquired the +9 kite shield of Obihoqir {Int+4}
 30505 | Lair:4   | Identified the +1 leather armour "Soeti" {Harm rPois rF+
                  | Will+}
 30675 | Lair:4   | Found a hole to the Spider Nest.
 30742 | Lair:4   | Reached skill level 16 in Fighting
 30742 | Lair:4   | Reached XP level 15. HP: 114/131 MP: 28/30
 31432 | Lair:5   | Offered knowledge of Iskenderun's Battlesphere by Vehumet.
 31498 | Lair:5   | Found a staircase to the Slime Pits.
 31853 | Lair:5   | Identified the +0 scale mail of the Beggar {rC+ Will++
                  | Slay-3}
 32506 | Lair:6   | Reached skill level 5 in Necromancy
 32506 | Lair:6   | Reached skill level 10 in Earth Magic
 33646 | Lair:6   | Offered knowledge of Irradiate by Vehumet.
 33835 | Lair:6   | Found a large runed translucent door.
 33835 | Lair:6   | Found a large runed translucent door.
 34711 | D:3      | Killed Terence
 34840 | D:5      | Killed PanSaczeczos's ghost
 35158 | D:6      | Killed OrcWarrior's ghost
 35284 | D:11     | Killed protoss039's ghost
 35290 | D:11     | Identified the +6 scimitar of Defilement {vamp, Drain rElec
                  | Dex+2}
 35443 | Orc:1    | Entered Level 1 of the Orcish Mines
 35455 | D:9      | Learned a level 5 spell: Irradiate
 35567 | Orc:1    | Noticed Harold
 35572 | Orc:1    | Killed Harold
 36002 | Orc:2    | Entered Level 2 of the Orcish Mines
 36013 | Orc:2    | Found a staircase to the Elven Halls.
 36314 | Orc:2    | Noticed Sonja
 36323 | Orc:2    | Killed Sonja
 36340 | Orc:2    | Reached ****** piety under Vehumet
 36346 | Orc:2    | Offered knowledge of Ozocubu's Refrigeration by Vehumet.
 36352 | Orc:2    | Found Ripsowogyi's Jewellery Boutique.
 36352 | Orc:2    | Found Ytabed's Distillery.
 36355 | Orc:2    | Found Hoosat's Book Emporium.
 36357 | Orc:2    | Found Xuhaohy's Magic Scroll Shop.
 36361 | Orc:2    | Bought the ring "Hefiah" {Int+6 SInv} for 519 gold pieces
 36365 | Orc:2    | Bought a scroll of magic mapping for 45 gold pieces
 36365 | Orc:2    | Bought a scroll of teleportation for 39 gold pieces
 36365 | Orc:2    | Bought a scroll of fog for 26 gold pieces
 36365 | Orc:2    | Bought a scroll of magic mapping for 45 gold pieces
 36365 | Orc:2    | Bought 2 scrolls of teleportation for 78 gold pieces
 36365 | Orc:2    | Bought a scroll of blinking for 97 gold pieces
 36368 | Orc:2    | Bought a potion of curing for 48 gold pieces
 36368 | Orc:2    | Bought a potion of magic for 128 gold pieces
 36368 | Orc:2    | Bought a potion of curing for 48 gold pieces
 36375 | Orc:2    | Bought a scroll of identify for 26 gold pieces
 36375 | Orc:2    | Bought a scroll of identify for 26 gold pieces
 37280 | Spider:1 | Entered Level 1 of the Spider Nest
 37472 | Spider:1 | Gained mutation: You regenerate health from kills. [demonic
                  | ancestry]
 37472 | Spider:1 | Reached XP level 16. HP: 93/140 MP: 22/31
 37913 | Spider:1 | Identified the +1 rapier of Terror {protect, rN+}
 38456 | Lair:4   | Learned a level 7 spell: Ozocubu's Refrigeration
 38464 | Lair:4   | Learned a level 6 spell: Iron Shot
 38925 | Spider:2 | Reached skill level 10 in Conjurations
 39231 | Spider:2 | Noticed Roxanne
 39508 | Spider:2 | Reached skill level 10 in Shields
 40105 | Spider:2 | Reached skill level 17 in Fighting
 40406 | Spider:2 | Identified the +2 pair of boots of Ciypoggo {Fly rElec
                  | Int-5 Slay-6}
 40757 | Spider:2 | Killed Roxanne
 41132 | Spider:3 | Offered knowledge of Eringya's Noxious Bog by Vehumet.
 41577 | Spider:3 | Found the +7 pair of quick blades "Gyre" and "Gimble"
                  | {protect}
 42413 | Spider:3 | Identified the +7 spear of Superiority {flame, rElec Str-3
                  | Int+2}
 42462 | Spider:4 | Entered Level 4 of the Spider Nest
 43320 | Spider:4 | Learned a level 2 spell: Sublimation of Blood
 44120 | Spider:4 | Noticed Kirke
 44127 | Spider:4 | Killed Kirke
 44137 | Spider:4 | Gained mutation: You sometimes emit foul miasma when
                  | damaged in melee. [demonic ancestry]
 44137 | Spider:4 | Reached XP level 17. HP: 142/147 MP: 25/33
 44438 | Spider:4 | Got a gossamer rune of Zot
 44733 | Swamp:1  | Entered Level 1 of the Swamp
 44943 | Swamp:1  | Offered knowledge of Conjure Ball Lightning by Vehumet.
 45082 | Swamp:1  | Noticed Josephine
 45089 | Swamp:1  | Killed Josephine
 45418 | Swamp:1  | Found an ornate altar of the Wu Jian Council.
 48412 | Swamp:3  | Identified the +7 glaive "Doetrob" {vamp, rN+ Int+3}
 48420 | Swamp:4  | Entered Level 4 of the Swamp
 50007 | Swamp:4  | Got a decaying rune of Zot
 51001 | Elf:1    | Entered Level 1 of the Elven Halls
 51001 | Elf:1    | Noticed Nikola
 51015 | Elf:1    | Killed Nikola
 51191 | Elf:1    | Found Boezim's Magic Scroll Emporium.
 51339 | Elf:1    | Bought a scroll of acquirement for 676 gold pieces
 51339 | Elf:1    | Bought 3 scrolls of fog for 78 gold pieces
 51339 | Elf:1    | Bought 3 scrolls of teleportation for 117 gold pieces
 51339 | Elf:1    | Acquired 1011 gold pieces
 51479 | Elf:1    | Found Siah's Antique Weapon Shop.
 51501 | Elf:1    | Reached XP level 18. HP: 140/156 MP: 18/35
 51602 | Elf:1    | Offered knowledge of Lehudib's Crystal Spear by Vehumet.
 51678 | Elf:1    | You fall into a shaft and drop 1 floor!
 52328 | Elf:2    | Found a runed translucent gate.
 52330 | Elf:2    | Found a runed translucent gate.
 52330 | Elf:2    | Found a runed translucent gate.
 52714 | Elf:2    | Paralysed by an air elemental for 1 turns
 53673 | Elf:1    | Found Rehatit's Jewellery Emporium.
 53902 | Elf:1    | Found Noneanim's Magic Scroll Emporium.
 53912 | Elf:1    | Bought a scroll of teleportation for 48 gold pieces
 53912 | Elf:1    | Bought a scroll of fear for 56 gold pieces
 53912 | Elf:1    | Bought a scroll of magic mapping for 56 gold pieces
 53912 | Elf:1    | Bought a scroll of summoning for 152 gold pieces
 54145 | Elf:1    | Reached skill level 18 in Fighting
 54434 | Elf:1    | Found a runed translucent gate.
 54434 | Elf:1    | Found a runed translucent gate.
 54434 | Elf:1    | Found a runed translucent gate.
 54434 | Elf:1    | Found a runed translucent gate.
 54434 | Elf:1    | Found a runed translucent gate.
 54436 | Elf:1    | Found a runed translucent gate.
 54490 | Elf:1    | Bought a translucent hand axe for 272 gold pieces
 54490 | Elf:1    | Identified the +6 hand axe "Ymaunal" {freeze, rN+ Will+}
                  | (You bought it in a shop on level 1 of the Elven Halls)
 54490 | Elf:1    | Bought an iridescent whip for 255 gold pieces
 54490 | Elf:1    | Identified the +4 whip of Corgh {flame, rN+ Str+2 Stlth+}
                  | (You bought it in a shop on level 1 of the Elven Halls)
 56267 | Elf:2    | Learned a level 8 spell: Lehudib's Crystal Spear
 56268 | Elf:3    | Entered Level 3 of the Elven Halls
 56346 | Elf:3    | Found Hanger's Antique Weapon Shop.
 56348 | Elf:3    | Found Aqoap's Antique Weapon Boutique.
 56357 | Elf:3    | Bought a bone hand axe for 200 gold pieces
 56357 | Elf:3    | Identified the +7 hand axe of Loytt {venom, rN++ rCorr
                  | Int+4 Stlth+} (You bought it in a shop on level 3 of the
                  | Elven Halls)
 56357 | Elf:3    | Bought a crude dagger for 175 gold pieces
 56357 | Elf:3    | Identified the +2 dagger of the Ancients {speed, Int+3}
                  | (You bought it in a shop on level 3 of the Elven Halls)
 56642 | Elf:3    | Found Leuhydu's Antique Weapon Shop.
 57089 | Elf:3    | Paralysed by an air elemental for 1 turns
 57092 | Elf:3    | Offered knowledge of Fire Storm by Vehumet.
 57092 | Elf:3    | Offered knowledge of Shatter by Vehumet.
 57092 | Elf:3    | Offered knowledge of Chain Lightning by Vehumet.
 57092 | Elf:3    | Paralysed by an air elemental for 1 turns
 57096 | Elf:3    | Paralysed by an air elemental for 1 turns
 57100 | Elf:3    | Paralysed by an air elemental for 1 turns
 57546 | Elf:3    | Gained mutation: You frequently emit foul miasma when
                  | damaged in melee. [demonic ancestry]
 57546 | Elf:3    | Reached XP level 19. HP: 163/163 MP: 26/37
 58144 | Elf:3    | Identified the +9 hand axe of Ohisur {vorpal, Drain rCorr
                  | Str-3 Stlth+}
 58144 | Elf:3    | Identified the +1 steam dragon scales of Paalliof {Rampage
                  | Will- Int+10 SInv}
 58452 | Elf:3    | Found the +8 storm bow {elec, penet}
 58476 | Elf:3    | Found the +10 Black Knight's barding {ponderous, rPois rN+}
 58622 | Elf:3    | Identified the +3 broad axe of Doom {vorpal, Dex+4}
 58633 | Elf:3    | Identified the +13 chain mail of Greed {Str+4}
 58641 | Elf:3    | Identified the +3 leather armour of the Enchanted Forest
                  | {Drain Int+8}
 58654 | Elf:3    | Identified the ring "Luhoxt" {rC+ SInv}
 59018 | Vaults:1 | Entered Level 1 of the Vaults
 60399 | Vaults:1 | Reached skill level 15 in Spellcasting
 61048 | Vaults:2 | Found a magical portal.
 61120 | WizLab   | Entered Maxwell's Workshop
 61454 | WizLab   | Identified the ring "Fuabyr" {Fire Fly rCorr Str-2 Dex+2}
 61522 | WizLab   | Identified the ring of Knowledge {Fire rN+ Int-4 Dex+8
                  | Stlth+}
 61543 | WizLab   | Identified the ring of Evuastro {Fire rElec Will+ SInv}
 61923 | WizLab   | Reached skill level 10 in Armour
 62110 | WizLab   | Identified the +9 mace of Charity {vorpal, rN+}
 62139 | WizLab   | Gained mutation: Your presence sometimes corrodes those you
                  | injure. [demonic ancestry]
 62139 | WizLab   | Reached XP level 20. HP: 161/172 MP: 13/39
 62783 | WizLab   | Identified the ring "Usyeref" {Fire *Corrode Will+ Str+4
                  | SInv}
 63439 | Vaults:2 | Found a radiant altar of Vehumet.
 63551 | Vaults:2 | Identified the +2 robe of Gravity {Dex+3}
 63836 | Vaults:2 | Reached skill level 15 in Shields
 65173 | Vaults:3 | Found a flickering gateway to a bazaar.
 65183 | Bazaar   | Entered a bazaar
 65183 | Bazaar   | Found Juof's Assorted Antiques.
 65183 | Bazaar   | Found Siron's General Store.
 65183 | Bazaar   | Found Sephav's Antique Armour Shop.
 65183 | Bazaar   | Found Ynoxt's Armour Shop.
 65183 | Bazaar   | Found Dierhipe's Distillery.
 65183 | Bazaar   | Found Duuzos's Antique Weapon Boutique.
 65252 | Bazaar   | Bought a potion of heal wounds for 35 gold pieces
 65252 | Bazaar   | Bought a potion of curing for 21 gold pieces
 65260 | Bazaar   | Bought a potion of invisibility for 88 gold pieces
 65260 | Bazaar   | Bought a potion of magic for 88 gold pieces
 65260 | Bazaar   | Bought a potion of curing for 33 gold pieces
 65262 | Bazaar   | Bought a pair of masterwork gloves for 152 gold pieces
 65262 | Bazaar   | Identified the +2 pair of gloves "Benu Jimo" {MP+9 Str+2
                  | Int-5 Dex+4} (You bought it in a shop in a bazaar)
 65264 | Bazaar   | Bought a brightly glowing broad axe for 126 gold pieces
 65264 | Bazaar   | Identified the +7 broad axe of Chance {vamp, rPois rF-
                  | Int-5 Dex+9} (You bought it in a shop in a bazaar)
 66070 | Vaults:3 | Found a staircase to the Crypt.
 66425 | Vaults:3 | Reached skill level 19 in Fighting
 66997 | Vaults:3 | Noticed Margery
 67103 | Vaults:3 | Killed Margery
 67891 | Vaults:4 | Reached XP level 21. HP: 135/180 MP: 12/40
 67903 | Vaults:4 | Reached skill level 15 in Earth Magic
 69881 | Crypt:1  | Entered Level 1 of the Crypt
 70211 | Vaults:3 | Learned a level 9 spell: Shatter
 70222 | Vaults:3 | Learned a level 9 spell: Chain Lightning
 70233 | Vaults:3 | Learned a level 9 spell: Fire Storm
 70244 | Vaults:3 | Learned a level 9 spell: Shatter
 70254 | Vaults:3 | Learned a level 4 spell: Iskenderun's Mystic Blast
 70324 | Crypt:1  | Noticed Boris
 70349 | Crypt:1  | Killed Boris
 71440 | Crypt:1  | Slain by a doom hound

Illustrated notes

Levels and vault maps discovered:
D:1:      onia_arrival_mini_maze_b, layout_loops_ring, serial_rivers,
          chequers_serial_rivers_marsh, chequers_serial_rivers_small_b,
          chequers_serial_rivers_micro_d, chequers_serial_rivers_small_3,
          chequers_serial_rivers_small_3, chequers_serial_rivers_micro_c
D:2:      layout_basic, shapermc_ecumenical_altar_flowoftime
D:3:      layout_rooms, grunt_temple_overflow_champion_of_chaos, uniq_terence
D:4:      cheibrodos_greedy_goblins, layout_gridville,
          mainiacjoe_overflow_cross_hatched, serial_shops, shop_fountains,
          kennysheep_generic_room_13
D:5:      layout_rooms, lemuel_coloured_pillars_altar, elyvilon_altar_5,
          minmay_temple_entry_antechambers, gammafunk_ghost_mausoleum,
          minmay_misc_feat_x, uniq_ijyb
D:6:      layout_cave_pods, mainiacjoe_overflow_boulevard,
          nicolae_ru_path_of_blood, ebering_ghost_reflecting_pool,
          nicolae_ossuary_entry_plus, uniq_edmund, uniq_eustachio
D:7:      layout_loops_ring, nicolae_overflow_hidden_temple, uniq_pikel
D:8:      layout_basic, tso_oasis_becter, nemelex_xobeh_ov_fountains_minmay,
          david_lair_generic
D:9:      layout_roguey, nicolae_kikubaaqudgha_miasma_corner,
          trog_three_pillars_becter, orc_0_dummy, serial_shops, shop,
          minmay_misc_feat_hallway, uniq_joseph
D:10:     layout_stronghold, mainiacjoe_overflow_24_doors, hangedman_misty_isle
D:11:     layout_irregular_city, serial_shops, nicolae_stop_n_shop_1,
          gammafunk_ghost_hydra_chop
D:12:     layout_rooms, eino_jars
D:13:     layout_grid_maze, uniq_urug, uniq_maurice
D:14:     layout_basic, david_vaults_1
D:15:     hangedman_depths_entry_civil_slaughter, layout_long_grid
Temple:   jpeg_temple_island
Lair:1:   layout_long_grid
Lair:2:   layout_small_grid, minmay_swamp_entry_swarm, serial_bayou,
          serial_bayou_ford_a, serial_bayou_lake_a, serial_bayou_pond_e,
          nicolae_lair_grazing_beasts [nicolae_sub_lair_graze_edge,
          nicolae_sub_lair_graze_edge, nicolae_sub_lair_graze_edge,
          nicolae_sub_lair_graze_edge]
Lair:3:   layout_hall_layers, basic_altar, gauntlet_entry_generic,
          cheibrodos_lair_lostbears, serial_bayou_shore_a
Lair:4:   layout_regular_city, nicolae_spider_entry_tight_spaces,
          minmay_lair_oklob_items, st_stairs_11, grunt_megastairs_4,
          infiniplex_staircase_pool_2
Lair:5:   layout_regular_city, nicolae_slime_entry_slimehenge
Lair:6:   cheibrodos_lair_end_hotspot, layout_regular_city,
          minmay_stone_trees_small, minivault_24, nicolae_lair_lil_pond,
          nzn_sisyphean_effort
Swamp:1:  layout_basic_swamp, lemuel_altar_in_water, hangedman_swamp_phenomena,
          uniq_josephine
Swamp:2:  layout_basic_swamp, nicolae_swamp_very_dense_foliage
Swamp:3:  layout_basic_swamp, evilmike_swamp_ruin_house_2
Swamp:4:  swamp, layout_basic_swamp
Spider:1: layout_spider_delve
Spider:2: nicolae_spider_mines_3, spiders_nest_hornet_nest, uniq_roxanne
Spider:3: layout_spider_delve, drop_trap, nicolae_spider_circle_web
Spider:4: grunt_spider_rune_island, uniq_kirke
Orc:1:    layout_diamond_mine, special_room [special_room_orc],
          nicolae_orc_pool_cavern, uniq_harold
Orc:2:    st_orc_rangers, layout_diamond_mine, special_room,
          nicolae_orc_flooded_monolith, uniq_sonja
Elf:1:    eino_elf_arrival_sip, layout_loops_corners, serial_shops,
          nicolae_shop_behind_doors, nicolae_shop_advertising_works
          [nicolae_subvault_shop_adworks], nicolae_shop_statue_plus,
          nicolae_shop_stone, orc_legates, uniq_nikola, uniq_louise
Elf:2:    elven_hall_of_blades_hangedman_original [nicolae_blade_tridents],
          layout_loops_corners, amethyst_killhole
Elf:3:    minmay_elf_hall_curves, layout_gridlike, serial_shops, shop, shop,
          shop, hangedman_elf_simple_split
Vaults:1: hangedman_vaults_variations, serial_ice_b, v_misc_1,
          vaults_mumra_hexcomb, v_misc_3, v_misc_4, nicolae_vaults_puzzle_piece,
          vaults_dpeg_cross, v_misc_15, ontoclasm_vaults_ring_small,
          ontoclasm_vaults_fault, layout_vaults_omnibox
Vaults:2: mu_enter_wizlab_5, nicolae_vaults_network_quincunx
          [nicolae_vaults_network_quincunx_subvault,
          nicolae_vaults_network_quincunx_subvault,
          nicolae_vaults_network_quincunx_subvault,
          nicolae_vaults_network_quincunx_subvault,
          nicolae_vaults_network_quincunx_subvault], grunt_tower_of_power,
          vaults_room_door_ring, vaults_room_door_ring,
          layout_vaults_chaotic_city
Vaults:3: blue_anna_dwarven_crypt, v_misc_22, grunt_vaults_diagonal,
          vaults_room_stairs_pillars, vaults_mumra_hex, ontoclasm_vaults_bender,
          vaults_room_grunt_arrival_ludios, v_pattern_2, vaults_room_octagon,
          grunt_vaults_hallway_long, ontoclasm_vaults_idyll, st_more_cells,
          v_misc_23, hangedman_vaults_trim, ontoclasm_vaults_pinch,
          vaults_dpeg_encased_lava, hangedman_vaults_trim,
          hangedman_vaults_cutoff, layout_vaults_maze, serial_shops,
          bzr_entry_lakeside, uniq_margery
Vaults:4: ontoclasm_vaults_loading_screen, hangedman_vaults_restitches,
          vaults_room_semicircle, v_alt_pattern_3,
          nicolae_vaults_windows_and_doors_thing, hangedman_vaults_capsules,
          nicolae_vaults_specimen_jars, layout_vaults_omnigrid
Crypt:1:  lemuel_vampire_tower, layout_chaotic_city, grunt_ministairs_13,
          st_stairs_13, minivault_5, uniq_boris

Skill      XL: |  1  2  3  4  5  6  7  8  9 10 11 12 13 14 15 16 17 18 19 20 21 |
---------------+----------------------------------------------------------------+-----
Transmutations | 1 2 3 |  3.0
Stealth        | 2 3 |  3.2
Dodging        | 2 3 |  3.0
Earth Magic    | 3 4 5 6 7 9 10 11 12 13 14 15 | 15.9
Spellcasting   | 3 4 5 6 7 8 9 10 11 12 13 14 15 16 | 16.3
Conjurations   | 1 2 3 4 6 8 9 10 11 12 13 14 | 14.7
Fighting       | 1 3 6 8 10 12 14 15 16 17 18 19 | 19.5
Armour         | 1 2 3 5 6 7 8 9 10 11 | 11.7
Shields        | 3 6 8 9 11 12 13 14 15 | 15.0
Necromancy     | 1 4 6 7 9 |  9.0

Action                   |  1- 3 |  4- 6 |  7- 9 | 10-12 | 13-15 | 16-18 | 19-21 || total
-------------------------+-------+-------+-------+-------+-------+-------+-------++-------
Melee: Short sword       |    40 |       |     9 |       |   341 |   173 |       ||   563
       Punch             |     2 |     2 |     3 |     1 |       |       |       ||     8
       Unarmed           |     1 |       |       |       |       |       |       ||     1
       Touch             |     4 |    17 |    20 |    22 |       |       |       ||    63
       Staff             |    17 |    57 |     1 |       |       |       |       ||    75
       Dagger            |       |       |    83 |    93 |    85 |       |       ||   261
       Spear             |       |       |       |       |       |   115 |     2 ||   117
       Hand axe          |       |       |       |       |       |       |   255 ||   255
 Cast: Sandblast         |    37 |    81 |    41 |    44 |    48 |    25 |     9 ||   285
       Stone Arrow       |       |     1 |    82 |   244 |   126 |     1 |     4 ||   458
       Passwall          |       |       |     1 |     2 |       |     3 |       ||     6
       Mephitic Cloud    |       |       |       |    14 |    38 |     5 |       ||    57
       Olgreb's Toxic Ra |       |       |       |       |    96 |       |       ||    96
       Static Discharge  |       |       |       |       |    35 |       |       ||    35
       Borgnjor's Vile C |       |       |       |       |    84 |   298 |   241 ||   623
       Iron Shot         |       |       |       |       |    74 |   259 |   266 ||   599
       Swiftness         |       |       |       |       |     1 |     1 |       ||     2
       Freezing Cloud    |       |       |       |       |     5 |    59 |    47 ||   111
       Irradiate         |       |       |       |       |     3 |    10 |    33 ||    46
       Sublimation of Bl |       |       |       |       |       |    20 |    25 ||    45
       Iskenderun's Myst |       |       |       |       |       |       |    27 ||    27
       Lehudib's Crystal |       |       |       |       |       |       |     9 ||     9
Evoke: Wand              |       |       |     1 |    18 |     4 |     6 |     1 ||    30
       Condenser vane    |       |       |       |     1 |       |       |       ||     1
  Use: Scroll            |       |       |     8 |     9 |    19 |    10 |    13 ||    59
       Potion            |       |       |       |     1 |     6 |     1 |     3 ||    11
 Stab: Sleeping          |     5 |     1 |     1 |     1 |     1 |       |       ||     9
       Confused          |       |       |       |     4 |     5 |     1 |       ||    10
       Distracted        |       |       |       |       |     6 |       |       ||     6
Armor: Robe              |    13 |    26 |    23 |    16 |       |    32 |   133 ||   243
       Steam dragon scal |       |       |       |    47 |   326 |   134 |       ||   507
Dodge: Dodged            |    42 |    52 |    76 |   140 |   356 |   193 |   240 ||  1099
Block: Buckler           |       |       |       |     4 |   153 |    62 |     1 ||   220
       Reflection        |       |       |       |       |     1 |     7 |     1 ||     9
       Kite shield       |       |       |       |       |   417 |   466 |   640 ||  1523
